 Dungeon Crawl Stone Soup version 0.30.1-4-g462c640d31 (webtiles) character file.

Game seed: 15408938667866891762

49 Peloso the Trooper (level 3, 33/33 HPs)
             Began as a Minotaur Fighter on Aug 16, 2023.
             Got out of the dungeon alive.
             The game lasted 00:02:45 (1066 turns).

Peloso the Trooper (Minotaur Fighter)               Turns: 1066, Time: 00:02:46

Health: 33/33      AC: 10    Str: 19    XL:     3   Next: 53%
Magic:  1/1        EV:  7    Int:  4    God:
Gold:   68         SH:  5    Dex: 15    Spells: 2/2 levels left

rFire   . . .        a - +0 long sword
rCold   . . .        d - +0 buckler
rNeg    . . .        c - +0 chain mail
rPois   .            (helmet restricted)
rElec   .            (no cloak)
rCorr   .            (no gloves)
SInv    .            (no boots)
Will    .....        (no amulet) Stlth
                     (no ring)
HPRegen 0.25/turn    (no ring)
MPRegen 0.07/turn

%: no passive effects
@: no status effects
A: horns 2, retaliatory headbutt, agile 1, low MP 1, shaggy fur 1, inhibited
regeneration
a: no special abilities


You escaped.
You visited 1 branch of the dungeon, and saw 2 of its levels.

You collected 68 gold pieces.

Inventory:

Hand Weapons
 a - a +0 long sword (weapon)
Armour
 b - a +0 scale mail
 c - a +0 chain mail (worn)
 d - a +0 buckler (worn)
Jewellery
 l - a ring of wizardry
Scrolls
 e - 2 scrolls of teleportation {unknown}
 f - a scroll of noise {unknown}
 g - a scroll of immolation {unknown}
 h - 2 scrolls of fear {unknown}
 k - 3 scrolls of identify {unknown}
Potions
 i - a potion of ambrosia {unknown}
 j - a potion of might


   Skills:
 + Level 4.2 Fighting
 + Level 3.4 Long Blades
 + Level 4.0 Armour
 + Level 4.1 Shields


You had 2 spell levels left.
You didn't know any spells.
Your spell library was empty.

Dungeon Overview and Level Annotations

Branches:
Dungeon (2/15)

Altars:


Innate Abilities, Weirdness & Mutations

You have a pair of horns on your head.
You reflexively headbutt those who attack you in melee.
You are agile. (Dex +4, Str/Int -1)
Your magical capacity is low. (-10% MP)
You are covered in fur. (AC +1)
You do not regenerate when monsters are visible.


Message History

You see here a potion of might.
j - a potion of might You start putting on your armour.
You continue putting on your +0 buckler. x4
You finish putting on your +0 buckler.
l - a ring of wizardry
m - 2 smoky puce potions You see here a jackal corpse.
Found a stone staircase leading down.
It was a potion of mutation.
You feel extremely strange.
You feel yourself wasting away.
Your regeneration stops near monsters.
The horns on your head grow some more.
Really quaff the potion of mutation?
You feel extremely strange. The horns on your head shrink a bit.
You begin to regenerate regardless of the presence of monsters.
You feel healthier.
You feel less energetic.
Your regeneration stops near monsters.
You feel agile. Fur sprouts all over your body.
(D) Dungeon
Where to? (Enter - D:12, ? - help)
What level of the Dungeon? (default 1, ? - help)
A bat comes into view.
The bat hits you but does no damage.
You hit the bat.
You kill the bat!
You see here a bat corpse.
(D) Dungeon
Where to? (Enter - D:1 @ (x,y), ? - help)
Okay, then.
(D) Dungeon
Where to? (Enter - D:1 @ (x,y), ? - help)
What level of the Dungeon? (default 1, ? - help)
There is a stone staircase leading up here.
You climb upwards.
There is a stone staircase leading down here.
You see here a hobgoblin skeleton.
There is a staircase leading out of the dungeon here.
Are you sure you want to leave the Dungeon?
This will make you lose the game!
You have escaped!

#.......# #......## #.##.##.#
#........ #.##.##.# #......##
#.##.##.# ######## #.##.##.#
##...## #.......###.###.####
####.#####.## ##.... #########
#♣♣#♣♣♣#.# #.... #.......#
♣@.♣..♣♣(## ##.##. #..(.##.#
♣......♣♣.###.....
#..#.##.####♣#......♣#...#.###
####..#........♣♣......♣#.#.#....
......####.###.♣..♣.♣.....#.#####
####.#####.# #.♣...⌠.....##.## #
#.......# #.♣..♣.♣....#...# #
###########.♣.......♣##...# #
#....[......♣.......♣ #...#


There were no monsters in sight!

Vanquished Creatures
  An adder (D:2)
  A worm (D:2)
  4 endoplasms (D:1)
  4 giant cockroaches
  3 goblins
  2 hobgoblins
  6 jackals (D:2)
  4 kobolds
  A quokka (D:1)
  A bat (D:2)
  A frilled lizard (D:2)
  5 rats
33 creatures vanquished.

Notes
Turn   | Place    | Note
-------+----------+-------------------------------------------
     0 | D:1      | Peloso the Minotaur Fighter began the quest for the Orb.
     0 | D:1      | Reached XP level 1. HP: 19/19 MP: 0/0
   218 | D:1      | Reached XP level 2. HP: 23/27 MP: 1/1
   767 | D:2      | Reached XP level 3. HP: 20/33 MP: 2/2
  1005 | D:2      | Gained mutation: Your body sometimes deteriorates upon
                  | taking damage. [potion of mutation]
  1005 | D:2      | Gained mutation: You do not regenerate when monsters are
                  | visible. [potion of mutation]
  1005 | D:2      | Gained mutation: You have a pair of large horns on your
                  | head. [potion of mutation]
  1006 | D:2      | Lost mutation: You have a pair of large horns on your head.
                  | [potion of mutation]
  1006 | D:2      | Lost mutation: You do not regenerate when monsters are
                  | visible. [potion of mutation]
  1006 | D:2      | Lost mutation: Your body sometimes deteriorates upon taking
                  | damage. [potion of mutation]
  1006 | D:2      | Gained mutation: Your magical capacity is low. (-10% MP)
                  | [potion of mutation]
  1006 | D:2      | Gained mutation: You do not regenerate when monsters are
                  | visible. [potion of mutation]
  1006 | D:2      | Gained mutation: You are agile. (Dex +4, Str/Int -1)
                  | [potion of mutation]
  1006 | D:2      | Gained mutation: You are covered in fur. (AC +1) [potion of
                  | mutation]
  1066 | D:$      | Got out of the dungeon alive.

Illustrated notes

Levels and vault maps discovered:
D:1:      amcnicky_arrival_underground_garden, layout_loops_cross
D:2:      layout_rooms, basic_altar

Skill      XL: |  1  2 |
---------------+-------+-----
Armour         | 4 |  4.0
Fighting       | 4 |  4.2
Shields        | 4 |  4.1
Long Blades    | 3 |  3.4

Action                     || total
---------------------------++-------
  Melee: Long sword        ||    90
         Headbutt          ||    10
    Use: Potion            ||     4
 Armour: Scale mail        ||    55
         Chain mail        ||     1
  Dodge: Dodged            ||    50
  Block: Buckler           ||    27
